 Dungeon Crawl Stone Soup version 0.26-a0-812-g31a745ddcd (webtiles) character file.

Game seed: 11286956080348986820

138 Azzok the Chopper (level 5, 32/41 HPs)
             Began as a Demonspawn Berserker on Nov 22, 2020.
             Was a Priest of Trog.
             Quit the game on level 2 of the Dungeon.
             The game lasted 00:02:14 (2437 turns).

Azzok the Chopper (Demonspawn Berserker)            Turns: 2437, Time: 00:02:15

Health: 32/41      AC:  9    Str: 18    XL:     5   Next: 1%
Magic:  5/5        EV:  7    Int:  9    God:    Trog [***...]
Gold:   86         SH:  0    Dex: 12    Spells: 4/4 levels left

rFire    . . .     SeeInvis .   a - +0 hand axe
rCold    . . .     Faith    .   (no shield)
rNeg     . . .     Spirit   +   g - +0 chain mail
rPois    .         Reflect  .   h - +0 helmet
rElec    .         Harm     .   (no cloak)
rCorr    .         Rampage  .   (no gloves)
MR       .....                  (no boots)
Stlth    ..........             (no amulet)
HPRegen  0.13/turn              (no ring)
MPRegen  0.18/turn              (no ring)

@: no status effects
A: spiny 1, magic shield, magic regeneration
a: Berserk, Trog's Hand, Renounce Religion


You were on level 2 of the Dungeon.
You worshipped Trog.
Trog was most pleased with you.
You visited 1 branch of the dungeon, and saw 3 of its levels.

You collected 86 gold pieces.

Inventory:

Hand Weapons
 a - a +0 hand axe (weapon)
Armour
 g - a +0 chain mail (worn)
 h - a +0 helmet (worn)
Scrolls
 b - a scroll of fog {unknown}
 c - 2 scrolls of noise {unknown}
 d - a scroll of fear {unknown}
 e - a scroll of teleportation {unknown}
 j - a scroll of identify {unknown}
Potions
 f - 2 potions of berserk rage {unknown}
 i - a potion of curing {unknown}


   Skills:
 - Level 3.0 Fighting
 + Level 5.2 Axes
 - Level 1.7 Armour
 - Level 1.7 Dodging


You had 4 spell levels left.
You didn't know any spells.
Your spell library was empty.

Dungeon Overview and Level Annotations

Branches:
Dungeon (3/15)

Altars:
Hepliaklqana


Innate Abilities, Weirdness & Mutations

You are partially covered in sharp spines.
When hurt, damage is shared between your health and your magic reserves.
You regenerate magic rapidly.


Message History

You are too injured to fight recklessly!
You closely miss the orc wizard.
The orc wizard is severely wounded.
The orc wizard hits you but does no damage.
You closely miss the orc wizard.
The orc wizard is severely wounded.
The orc wizard barely misses you.
The orc wizard hits you but does no damage.
You hit the orc wizard.
The orc wizard is almost dead.
The orc wizard hits you but does no damage.
You hit the orc wizard.
You kill the orc wizard!
Trog accepts your kill.
Trog appreciates your killing of a magic user.
Your Axes skill increases to level 5!
You have reached level 5!
Your demonic ancestry asserts itself...
Sharp spines emerge from parts of your body.
Are you sure you want to abandon this character and quit the game? (Confirm with "yes".)

▒·▒···········▒ ▒·▒
▒·▒·▒▒▒▒▒▒▒▒▒·▒ ▒·▒
▒▒▒▒▒·▒·▒·······▒·▒ ▒·▒
▒···▒·▒·▒·▒▒···▒▒·▒ ▒·▒
▒···▒·▒·▒·▒▒···▒▒·▒▒▒▒▒ ▒·▒
▒···▒·▒·▒·············▒ ▒·▒
▒▒▒▒···▒·▒·▒▒▒▒▒▒·▒▒·▒▒▒·▒▒▒·▒
·······▒·▒·····)···········▒·▒
·)·)···'·······)@▒▒▒·▒▒▒·▒·▒·▒
·)<[<··▒·······[·····▒ ▒·▒·▒·▒
·)))·▒·▒▒▒▒▒▒▒▒▒▒▒▒▒▒▒▒▒·▒·▒·▒
···▒·▒·▒ ▒····▒·▒·▒·▒ '▒···▒·▒
▒·▒▒·▒·▒·▒·▒
·▒·▒▒▒·▒▒▒▒▒▒▒▒▒▒▒▒·▒··▒·▒·▒·▒
·▒·····················▒·▒·▒·▒
·▒▒▒▒▒·▒▒▒▒▒▒▒▒▒▒▒▒·▒··▒·▒·▒·▒
▒▒▒▒▒▒▒▒▒▒▒▒▒▒▒▒ ▒·▒··▒·▒·▒·▒


There were no monsters in sight!

Vanquished Creatures
  An orc wizard (D:2)
  Robin (D:2)
  An adder (D:2)
  2 worms (D:2)
  2 dart slugs
  A leopard gecko (D:1)
  3 orcs (D:2)
  3 giant cockroaches
  15 goblins
  11 hobgoblins
  10 jackals (D:1)
  5 kobolds
  3 bats
  3 frilled lizards (D:2)
  4 rats
65 creatures vanquished.

Notes
Turn   | Place    | Note
-------+----------+-------------------------------------------
     0 | D:1      | Azzok the Demonspawn Berserker began the quest for the Orb.
     0 | D:1      | Reached XP level 1. HP: 18/18 MP: 1/1
   131 | D:1      | Reached skill level 3 in Axes
   132 | D:1      | Gained mutation: When hurt, damage is shared between your
                  | health and your magic reserves. [demonic ancestry]
   132 | D:1      | Reached XP level 2. HP: 21/24 MP: 2/2
   384 | D:1      | Reached ** piety under Trog
   385 | D:1      | Gained mutation: You regenerate magic rapidly. [demonic
                  | ancestry]
   385 | D:1      | Reached XP level 3. HP: 29/29 MP: 1/3
   739 | D:1      | Reached skill level 4 in Axes
   954 | D:2      | Noticed Robin
   962 | D:2      | Killed Robin
   962 | D:2      | Reached XP level 4. HP: 35/35 MP: 1/4
  1723 | D:2      | Reached *** piety under Trog
  2054 | D:2      | Found a hazy altar of Hepliaklqana.
  2436 | D:2      | Reached skill level 5 in Axes
  2436 | D:2      | Gained mutation: You are partially covered in sharp spines.
                  | [demonic ancestry]
  2436 | D:2      | Reached XP level 5. HP: 32/41 MP: 5/5
  2437 | D:2      | Quit the game

Illustrated notes

Levels and vault maps discovered:
D:1:      nzn_arrival_crosshair, layout_rooms
D:2:      layout_basic, lemuel_coloured_pillars_altar, uniq_robin
D:3:      layout_basic, overflow_temple_1_default, lemuel_crystal_altar,
          brannock_xom_greatest_gift, overflow_temple_1_default,
          kennysheep_decorative_pillar, minmay_misc_feat_square, uniq_ijyb,
          uniq_sigmund

Skill      XL: |  1  2  3  4 |
---------------+-------------+-----
Axes           | 3 4 5 |  5.2
Fighting       | |  3.0
Armour         | |  1.7
Dodging        | |  1.7

Action                   |  1- 3 |  4- 6 || total
-------------------------+-------+-------++-------
Melee: Hand axe          |    59 |    98 ||   157
Invok: Berserk           |     4 |       ||     4
Armor: Animal skin       |    10 |       ||    10
       Chain mail        |     8 |    54 ||    62
Dodge: Dodged            |    58 |    37 ||    95

Table legend: (Time is in decaauts)
 A = Elapsed time spent in this place.
 B = Non-inter-level travel time spent in this place.
 C = Inter-level travel time spent in this place.
 D = Time resting spent in this place.
 E = Time spent auto-exploring this place.
 F = Levels seen in this place.
 G = Mean time per level.
                   A        B        C        D        E       F      G
               +--------+--------+--------+--------+--------+-----+--------+
         Total |   2486 |   2450 |     36 |    350 |   1714 |   3 |  828.7 |
       Dungeon |   2486 |   2450 |     36 |    350 |   1714 |   3 |  828.7 |
               +--------+--------+--------+--------+--------+-----+--------+

Top non-repeatable levels by time:
     D:2: 1481 daAuts
     D:1: 987 daAuts
     D:3: 17 daAuts
